 Dungeon Crawl Stone Soup version 0.31-a0-198-g2ad674f65e (webtiles) character file.

Game seed: 2999971401114719104

179 qw the Skirmisher (level 5, -7/29 HPs)
             Began as a Deep Elf Hunter on June 25, 2023.
             Mangled by an ogre
             ... wielding a +0 giant club
              (20 damage)
             ... on level 4 of the Dungeon.
             The game lasted 00:00:47 (2049 turns).

qw the Skirmisher (Deep Elf Hunter)                 Turns: 2049, Time: 00:00:48

Health: -7/29      AC:  6    Str: 10    XL:     5   Next: 32%
Magic:  7/7        EV: 12    Int: 14    God:
Gold:   184        SH:  0    Dex: 24    Spells: 4/4 levels left

rFire   . . .        Y - +0 shortbow
rCold   . . .        (shield currently unavailable)
rNeg    . . .        b - +0 ring mail
rPois   .            h - +0 helmet
rElec   .            (no cloak)
rCorr   .            (no gloves)
SInv    .            (no boots)
Will    .....        (no amulet)
Stlth   ++           e - +6 ring of dexterity
HPRegen 0.24/turn    (no ring)
MPRegen 0.10/turn

%: no passive effects
@: no status effects
A: no striking features
a: no special abilities


You were on level 4 of the Dungeon.
You visited 1 branch of the dungeon, and saw 4 of its levels.

You collected 184 gold pieces.


   Skills:
 - Level 1.5 Fighting
 + Level 8.4 Ranged Weapons
 - Level 3.3 Dodging
 - Level 1.2 Stealth


You had 4 spell levels left.
You didn't know any spells.
Your spell library was empty.

Inventory:

Hand Weapons
 Y - a +0 shortbow (weapon)
Armour
 b - a +0 ring mail (worn)
 d - a +0 pair of gloves
 h - a +0 helmet (worn)
Jewellery
 c - a ring of fire
 e - a +6 ring of dexterity (left hand)
Scrolls
 a - a scroll of teleportation
 i - a scroll of identify
 k - a scroll of immolation {unknown}
Potions
 f - 2 potions of cancellation {unknown}
 g - 3 potions of heal wounds {unknown}
 j - 3 potions of curing {unknown}

Dungeon Overview and Level Annotations

Branches:
Dungeon (4/15)
 Temple: D:4-7

Altars:
Trog


Message History

You see here a scroll of fog.
Things that are here:
a +0 club; a kobold corpse A ball python comes into view.
Found a golden potion and a scroll labelled XUKHUTE ECIU.
Enter note:
Enter note: You shoot an arrow.
The arrow hits the ball python!
You kill the ball python!
f - 2 golden potions (gained 1)
k - a scroll labelled XUKHUTE ECIU
Enter note:
Enter note: An ogre comes into view. It is wielding a +0 giant club.
Found a silvery potion.
Enter note:
Enter note:
Enter note: You shoot an arrow.
The arrow hits the ogre.
The ogre is lightly wounded.
Enter note:
Enter note:
Enter note: You shoot an arrow.
The arrow hits the ogre.
The ogre is moderately wounded.
The ogre hits you with a +0 giant club!
Ouch! That really hurt!
You shoot an arrow. The arrow hits the ogre.
The ogre is heavily wounded.
The ogre barely misses you.
You shoot an arrow. The arrow barely misses the ogre.
The ogre barely misses you.
You shoot an arrow.
The arrow hits the ogre but does no damage.
The ogre is heavily wounded.
You shoot an arrow. The arrow hits the ogre!
The ogre is severely wounded.
The ogre hits you with a +0 giant club!!
Ouch! That really hurt!
You die...

#.# #.# # #.# #.#.#
#.#.# .# ##.#.####..#..
##.#!.........#.. #
......O@......... .
##.#..#.#...#.#.. # #.
#.# #.# #.. # #. #.#.#
#.#..####### #. #.#.#
#........... #..#.#.#
#.###.######
#..#...#.#...........
#........#.........##
#.####.#####.........##


You could see an ogre.

Vanquished Creatures
  A scorpion (D:3)
  A hound (D:4)
  3 adders
  A worm (D:3)
  2 orcs
  7 ball pythons
  8 bats
  9 endoplasms
  2 giant cockroaches
  5 goblins
  5 hobgoblins
  A quokka (D:1)
  4 frilled lizards
  8 kobolds
  4 rats
61 creatures vanquished.

Notes
Turn   | Place    | Note
-------+----------+-------------------------------------------
     0 | D:1      | qw the Deep Elf Hunter began the quest for the Orb.
     0 | D:1      | Reached XP level 1. HP: 12/12 MP: 3/3
     0 | D:1      | 0 ||| qw: Version: 0.3-a-22-g0ed2b0b
     0 | D:1      | 0 ||| qw: Game counter: 5409
     0 | D:1      | 0 ||| qw: Melee chars always use a shield: true
     0 | D:1      | 0 ||| qw: God list: Okawaru
     0 | D:1      | 0 ||| qw: Allow faded altars: false
     0 | D:1      | 0 ||| qw: Do Orc after clearing Dungeon:15 true
     0 | D:1      | 0 ||| qw: Do second Lair branch before Depths: true
     0 | D:1      | 0 ||| qw: Lair rune preference: random
     0 | D:1      | 0 ||| qw: Goals: Normal
     0 | D:1      | 0 ||| PLANNING D:1-11
   116 | D:1      | Reached skill level 6 in Ranged Weapons
   116 | D:1      | Reached XP level 2. HP: 16/16 MP: 4/4
   367 | D:1      | 367 ||| UPGRADING to +6 ring of dexterity.
   368 | D:1      | 368 ||| READING scroll labelled HIASUI TEUNOY.
   369 | D:1      | 369 ||| DRINKING 2 sapphire potions.
   370 | D:1      | 370 ||| DROPPING scroll of butterflies.
   371 | D:1      | 371 ||| DROPPING potion of invisibility.
   544 | D:2      | Reached XP level 3. HP: 20/20 MP: 5/5
   804 | D:2      | Found a faded altar of an unknown god.
   972 | D:2      | 972 ||| UPGRADING to +0 ring mail.
   982 | D:2      | 982 ||| DROPPING +0 leather armour.
   983 | D:2      | 983 ||| READING 2 scrolls labelled HEEFOCR AGOKH.
   987 | D:2      | 987 ||| READING scroll labelled QAATRI NASSUL.
   988 | D:2      | 988 ||| READING scroll labelled WUUCIVV ZASIAN.
  1118 | D:3      | Reached skill level 7 in Ranged Weapons
  1161 | D:3      | Found a faded altar of an unknown god.
  1175 | D:3      | HP: 4/20 [adder (4)]
  1176 | D:3      | 1176 ||| READING scroll of teleportation.
  1194 | D:3      | HP: 4/20 [frozen (5)]
  1503 | D:3      | Noticed a scorpion
  1509 | D:3      | Killed a scorpion
  1510 | D:3      | Reached skill level 8 in Ranged Weapons
  1510 | D:3      | Reached XP level 4. HP: 14/25 MP: 6/6
  1728 | D:3      | Found a bloodstained altar of Trog.
  1729 | D:3      | 1729 ||| UPGRADING to +0 helmet.
  1734 | D:3      | 1734 ||| READING 3 scrolls of identify.
  1734 | D:3      | 1734 ||| IDENTIFYING murky pink potion
  1735 | D:3      | 1735 ||| READING 2 scrolls of identify.
  1735 | D:3      | 1735 ||| IDENTIFYING murky black potion
  1736 | D:3      | 1736 ||| DROPPING potion of attraction.
  1737 | D:3      | 1737 ||| DROPPING potion of lignification.
  1803 | D:4      | Reached skill level 3 in Dodging
  1803 | D:4      | Reached XP level 5. HP: 29/29 MP: 7/7
  2042 | D:4      | Noticed an ogre
  2049 | D:4      | Mangled by an ogre

Levels and vault maps discovered:
D:1:      reono_arrival_mine, layout_rooms
D:2:      layout_basic, dreamdust_ecumenical_altar_angels_and_demons,
          chequers_serial_rivers_small_b
D:3:      layout_basic, nicolae_overflow_ecumenical_swirl
D:4:      layout_basic, serial_shops, shop, uniq_ijyb

Skill      XL: |  1  2  3  4 |
---------------+-------------+-----
Ranged Weapons | 6 8 |  8.4
Dodging        | 3 |  3.3
Fighting       | |  1.5
Stealth        | |  1.2

Action                     |  1- 3 |  4- 6 || total
---------------------------+-------+-------++-------
   Fire: Shortbow          |   122 |    46 ||   168
    Use: Scroll            |     5 |     2 ||     7
         Potion            |     1 |       ||     1
 Armour: Leather armour    |     4 |       ||     4
         Ring mail         |    11 |     2 ||    13
  Dodge: Dodged            |    21 |     6 ||    27

Table legend:
 A = Non-vault XP
 B = Vault XP
 C = Vault XP percentage of total XP
 D = Non-vault monster count
 E = Vault monster count
 F = Vault count percentage of total count
                 A         B        C        D         E       F
            +---------+---------+-------+---------+---------+-------
      Total |     256 |       0 |   0.0 |      61 |       0 |   0.0
            +---------+---------+-------+---------+---------+-------
        D:1 |      24 |       0 |   0.0 |      16 |       0 |   0.0
        D:2 |      31 |       0 |   0.0 |      18 |       0 |   0.0
        D:3 |     116 |       0 |   0.0 |      16 |       0 |   0.0
        D:4 |      85 |       0 |   0.0 |      11 |       0 |   0.0
            +---------+---------+-------+---------+---------+-------
